 Dungeon Crawl Stone Soup version 0.26.0-15-gc6cd9f700b (webtiles) character file.

Game seed: 6923662386951597822

67 Acheron the Caller (level 3, -5/32 HPs)
             Began as a Troll Summoner on Jan 16, 2021.
             Killed by divine providence
             ... invoked by an orc priest
              (15 damage)
             ... on level 3 of the Dungeon.
             The game lasted 00:06:10 (1657 turns).

Acheron the Caller (Troll Summoner)                 Turns: 1657, Time: 00:06:10

Health: -5/32      AC:  6    Str: 16    XL:     3   Next: 98%
Magic:  4/4        EV:  7    Int: 11    God:
Gold:   117        SH:  7    Dex: 11    Spells: 1/4 levels left

rFire    . . .     SeeInvis .     - Unarmed
rCold    . . .     Faith    .   o - +1 kite shield
rNeg     . . .     Spirit   .   a - +0 robe
rPois    .         Reflect  .   (helmet restricted)
rElec    .         Harm     .   (no cloak)
rCorr    .         Rampage  .   (gloves unavailable)
Will     .....                  (boots unavailable)
Stlth    ++........             (no amulet)
HPRegen  0.50/turn              (no ring)
MPRegen  0.09/turn              (no ring)

@: no status effects
A: large, unfitting armour, claws 3, regeneration 1, shaggy fur 1, tough skin 3
a: no special abilities


You were on level 3 of the Dungeon.
You visited 1 branch of the dungeon, and saw 4 of its levels.

You collected 117 gold pieces.

Inventory:

Missiles
 c - 65 stones
 r - 8 sling bullets
Armour
 a - a +0 robe (worn)
 o - a +1 kite shield (worn)
Magical Staves
 l - an uncursed staff of fire {unknown}
Jewellery
 d - an uncursed amulet of the acrobat {unknown}
 m - an uncursed amulet of regeneration {unknown}
 n - an uncursed ring of flight {unknown}
 p - a +6 ring of intelligence {unknown}
Scrolls
 f - 5 scrolls of identify {unknown}
 g - 2 scrolls of teleportation {unknown}
 h - a scroll of immolation {unknown}
 j - a scroll of random uselessness {unknown}
 u - a scroll of blinking {unknown}
Potions
 b - 2 potions of curing {unknown}
 e - 2 potions of lignification {unknown}
 i - 3 potions of ambrosia {unknown}
 k - a potion of berserk rage {unknown}
 q - a potion of haste {unknown}


   Skills:
 * Level 0.4 Fighting
 * Level 2.0 Dodging
 * Level 1.3 Stealth
 * Level 0.1 Shields
 * Level 1.1 Unarmed Combat
 * Level 1.4 Spellcasting
 * Level 3.3 Summonings
 * Level 0.2 Evocations


You had one spell level left.
You knew the following spells:

 Your Spells              Type           Power        Failure   Level
a - Summon Small Mammal   Summ           32%          47%         1
b - Call Imp              Summ           8%           63%         2

Your spell library contained the following spells:

 Spells                   Type           Power        Failure   Level
 Call Canine Familiar     Summ           8%           85%         3
 Summon Guardian Golem    Hex/Summ       4%           97%         3
 Summon Ice Beast         Ice/Summ       4%           100%        4
 Summon Lightning Spire   Summ/Air       4%           100%        4


Dungeon Overview and Level Annotations

Branches:
Dungeon (4/15)
 Temple: D:4-7

Altars:

Annotations:
D:3 1 runed translucent door, Crazy Yiuf


Innate Abilities, Weirdness & Mutations

You are too large for most types of armour.
You have claws for hands.
Your natural rate of healing is unusually fast.
You are covered in fur. (AC +1)
You have extremely tough skin. (AC +3)


Message History

The orc priest is moderately wounded.
The orc priest invokes the aid of Beogh against you.
Beogh smites you!
The orc wizard hits you but does no damage.
You scratch the orc priest.
The orc priest is severely wounded.
You block the orc priest's attack.
The orc wizard gestures at itself while chanting.
The orc wizard flickers and vanishes!
Deactivating autopickup; reactivate with Ctrl-A.
You scratch the orc priest.
The orc priest is almost dead.
The orc priest calls down the wrath of Beogh upon you.
You barely resist.
You hear some strange, mumbled words.
A magic dart appears from out of thin air!
The magic dart hits you.
The orc priest mumbles some strange prayers to Beogh against you.
Beogh smites you!
You die...

#.## ##.# #. #.## #.#
##.## .. #...# #.##
#...## ..# #....# #.#
###..##########.######.#
............)..o@......>
.......########{######.#
.......# $.... ########
#.###.## # <. #.# .# ..


You could see an orc priest.

Vanquished Creatures
  An adder (D:2)
  An ooze (D:3)
  3 dart slugs
  A leopard gecko (D:2)
  An orc (D:3)
  2 ball pythons (D:2)
  8 bats
  4 giant cockroaches
  A hobgoblin (D:1)
  2 jackals (D:2)
  6 frilled lizards
  2 goblins
  12 kobolds
  4 rats
48 creatures vanquished.

Notes
Turn   | Place    | Note
-------+----------+-------------------------------------------
     0 | D:1      | Acheron the Troll Summoner began the quest for the Orb.
     0 | D:1      | Reached XP level 1. HP: 16/16 MP: 1/1
    83 | D:1      | Reached skill level 3 in Summonings
   306 | D:1      | Reached XP level 2. HP: 24/24 MP: 3/3
   309 | D:1      | Learned a level 2 spell: Call Imp
   889 | D:2      | Reached XP level 3. HP: 31/31 MP: 4/4
  1127 | D:2      | Reached skill level 1 in Unarmed Combat
  1625 | D:3      | Found a runed translucent door.
  1626 | D:3      | Noticed Crazy Yiuf
  1657 | D:3      | Killed from afar by an orc priest

Illustrated notes

Levels and vault maps discovered:
D:1:      matt_arrival_refuge, layout_basic
D:2:      layout_loops_cross
D:3:      layout_basic, minmay_strange_pillars, roderic_serpentine_path,
          uniq_ijyb, uniq_sigmund, uniq_crazy_yiuf_cottage
D:4:      layout_basic, minmay_temple_entry_offerings, nicolae_ru_awakened_eye

Skill      XL: |  1  2  3 |
---------------+----------+-----
Summonings     | 3 |  3.3
Dodging        | 2 |  2.0
Unarmed Combat | 1 |  1.1
Fighting       | |  0.4
Stealth        | |  1.3
Shields        | |  0.1
Spellcasting   | |  1.4
Evocations     | |  0.2

Action                   || total
-------------------------++-------
Melee: Unarmed           ||   147
 Cast: Summon Small Mamm ||     3
       Call Imp          ||     1
  Use: Scroll            ||     2
 Stab: Sleeping          ||     3
Armor: Robe              ||    83
Dodge: Dodged            ||    92
Block: Kite shield       ||    15
